[ AOE2 MATCH · #463231963 ]
Team RMSpanish vs Saracens
Player's team · LOSS
[ REPLAY ANALYSIS · EXTRACTED FROM THE RECORDED GAME ]
Feudal
8:28
Castle
12:23
Imperial
31:33
| APM avg | 48.8 |
| APM peak | 112 |
| eAPM avg | 19.4 |
| Villagers / military | 97 / 154 |
Focus
⚔️ 33.9% · 🌾 66.1%
Spearman ×83 · Conquistador ×57 · Missionary ×6 · Petard ×4 · Monk ×2 · Trebuchet (Packed) ×2
Feudal
7:36
Castle
11:23
Imperial
23:50
| APM avg | 23.4 |
| APM peak | 54 |
| eAPM avg | 15.5 |
| Villagers / military | 172 / 388 |
Focus
⚔️ 38.1% · 🌾 61.9%
Spearman ×322 · Mangonel ×49 · Trade Cart ×29 · Battering Ram ×10 · Trebuchet (Packed) ×7
Feudal
8:01
Castle
11:32
Imperial
27:09
| APM avg | 27.3 |
| APM peak | 58 |
| eAPM avg | 17.7 |
| Villagers / military | 157 / 129 |
Focus
⚔️ 33.0% · 🌾 67.0%
Mameluke ×99 · Trade Cart ×31 · Bombard Cannon ×16 · Militia ×9 · Scorpion ×5
Feudal
8:29
Castle
12:26
Imperial
26:30
| APM avg | 31.0 |
| APM peak | 68 |
| eAPM avg | 15.7 |
| Villagers / military | 107 / 346 |
Focus
⚔️ 36.0% · 🌾 64.0%
Scout Cavalry ×152 · Camel Scout ×104 · Keshik ×81 · Trebuchet (Packed) ×7 · Monk ×2
Feudal
7:18
Castle
11:53
Imperial
27:28
| APM avg | 52.6 |
| APM peak | 94 |
| eAPM avg | 33.5 |
| Villagers / military | 168 / 506 |
Focus
⚔️ 33.1% · 🌾 66.9%
Skirmisher ×219 · Knight ×112 · Scout Cavalry ×108 · Cavalry Archer ×63 · Monk ×4
Feudal
7:17
Castle
10:48
Imperial
26:24
| APM avg | 54.2 |
| APM peak | 99 |
| eAPM avg | 36.3 |
| Villagers / military | 160 / 261 |
Focus
⚔️ 42.6% · 🌾 57.4%
Spearman ×141 · Elephant Archer ×80 · Armored Elephant ×28 · Militia ×8 · Hand Cannoneer ×3 · Monk ×1
Feudal
6:48
Castle
10:22
Imperial
37:37
| APM avg | 46.5 |
| APM peak | 83 |
| eAPM avg | 26.7 |
| Villagers / military | 145 / 130 |
Focus
⚔️ 25.0% · 🌾 75.0%
Mameluke ×99 · Trade Cart ×15 · Scout Cavalry ×12 · Trebuchet (Packed) ×12 · Petard ×4 · Camel Scout ×2
Feudal
7:40
Castle
20:45
Imperial
38:40
| APM avg | 38.1 |
| APM peak | 92 |
| eAPM avg | 23.5 |
| Villagers / military | 169 / 371 |
Focus
⚔️ 31.9% · 🌾 68.1%
Scout Cavalry ×185 · Camel Scout ×114 · Spearman ×40 · Battering Ram ×17 · Steppe Lancer ×15
Match map
Resources at game start + every placement click. Thick line = wall · dashed box = detected house wall. 🟡 gold · ⚪ stone · 🟢 berries · 🔶 boar · ⭕ relic
Inputs per minute
— Mceffe - - 2024eles
Build order — Mceffe
First 150 of 330 actions detected
| 0:02 | Create | Villager (Male) |
| 0:02 | Create | Villager (Male) |
| 0:02 | Create | Villager (Male) |
| 0:02 | Create | Villager (Male) |
| 0:02 | Create | Villager (Male) |
| 0:02 | Create | Villager (Male) |
| 0:02 | Create | Villager (Male) |
| 0:02 | Create | Villager (Male) |
| 0:11 | Build | Lumber Camp |
| 0:30 | Build | Mill |
| 1:12 | Create | Villager (Male) |
| 1:12 | Create | Villager (Male) |
| 1:36 | Create | Villager (Male) |
| 1:36 | Create | Villager (Male) |
| 2:05 | Create | Villager (Male) |
| 2:38 | Create | Villager (Male) |
| 2:40 | Create | Villager (Male) |
| 3:02 | Create | Villager (Male) |
| 3:08 | Build | Farm |
| 3:11 | Build | Farm |
| 3:33 | Build | Farm |
| 3:36 | Create | Villager (Male) |
| 4:34 | Create | Villager (Male) |
| 5:03 | Create | Villager (Male) |
| 5:03 | Create | Villager (Male) |
| 5:07 | Build | Farm |
| 5:08 | Build | Farm |
| 5:15 | Build | Lumber Camp |
| 5:36 | Create | Villager (Male) |
| 5:42 | Research | Feudal Age |
| 5:47 | Build | Mining Camp |
| 6:27 | Build | Farm |
| 6:29 | Research | Loom |
| 6:33 | Create | Villager (Male) |
| 6:33 | Create | Villager (Male) |
| 6:33 | Research | Loom |
| 7:15 | Create | Villager (Male) |
| 7:15 | Create | Villager (Male) |
| 8:28 | Age | Feudal Age |
| 8:29 | Build | Market |
| 8:31 | Build | Blacksmith |
| 9:03 | Research | Double-Bit Axe |
| 9:21 | Research | Castle Age |
| 10:03 | Research | Padded Archer Armor |
| 10:05 | Research | Horse Collar |
| 11:50 | Create | Villager (Male) |
| 11:50 | Create | Villager (Male) |
| 12:10 | Build | Stable |
| 12:23 | Age | Castle Age |
| 12:24 | Create | Conquistador |
| 12:27 | Research | Bow Saw |
| 12:28 | Research | Leather Archer Armor |
| 12:30 | Create | Conquistador |
| 12:35 | Build | Farm |
| 13:00 | Create | Conquistador |
| 13:00 | Create | Conquistador |
| 13:15 | Build | Farm |
| 13:18 | Create | Petard |
| 13:18 | Create | Petard |
| 13:38 | Build | Farm |
| 13:40 | Create | Villager (Male) |
| 13:40 | Create | Villager (Male) |
| 13:59 | Create | Conquistador |
| 13:59 | Create | Conquistador |
| 14:12 | Create | Villager (Male) |
| 14:20 | Research | Husbandry |
| 14:43 | Create | Conquistador |
| 15:08 | Create | Conquistador |
| 15:09 | Create | Conquistador |
| 15:23 | Create | Villager (Male) |
| 15:25 | Create | Villager (Male) |
| 15:30 | Build | Farm |
| 15:30 | Build | Farm |
| 15:31 | Build | Farm |
| 15:31 | Build | Farm |
| 15:37 | Create | Conquistador |
| 16:13 | Create | Conquistador |
| 17:31 | Create | Conquistador |
| 17:31 | Create | Conquistador |
| 17:32 | Create | Villager (Male) |
| 17:32 | Create | Villager (Male) |
| 17:52 | Create | Conquistador |
| 17:53 | Create | Villager (Male) |
| 17:53 | Create | Villager (Male) |
| 18:17 | Create | Conquistador |
| 18:21 | Create | Conquistador |
| 18:23 | Create | Villager (Male) |
| 18:32 | Build | Farm |
| 18:32 | Build | Farm |
| 18:32 | Build | Farm |
| 18:32 | Build | Farm |
| 18:33 | Build | Farm |
| 18:33 | Build | Farm |
| 18:34 | Build | Farm |
| 18:34 | Build | Farm |
| 18:51 | Create | Conquistador |
| 19:17 | Build | Town Center |
| 19:21 | Create | Conquistador |
| 19:35 | Create | Conquistador |
| 19:36 | Create | Villager (Male) |
| 19:39 | Build | Farm |
| 19:41 | Build | House |
| 19:42 | Build | House |
| 19:42 | Build | House |
| 19:42 | Build | House |
| 19:43 | Build | House |
| 19:54 | Build | House |
| 19:55 | Build | House |
| 19:55 | Build | House |
| 19:55 | Build | House |
| 19:55 | Build | House |
| 19:56 | Build | House |
| 20:09 | Build | Monastery |
| 20:12 | Create | Villager (Male) |
| 20:23 | Create | Conquistador |
| 20:36 | Create | Villager (Male) |
| 20:41 | Research | Bloodlines |
| 21:03 | Create | Villager (Male) |
| 21:17 | Create | Villager (Male) |
| 21:21 | Build | House |
| 21:22 | Build | House |
| 21:22 | Build | House |
| 21:22 | Build | House |
| 21:23 | Create | Villager (Male) |
| 21:23 | Create | Villager (Male) |
| 21:28 | Create | Missionary |
| 21:28 | Create | Missionary |
| 21:35 | Create | Villager (Male) |
| 21:37 | Create | Villager (Male) |
| 21:44 | Build | Lumber Camp |
| 21:45 | Create | Villager (Male) |
| 21:55 | Create | Conquistador |
| 21:55 | Create | Conquistador |
| 22:24 | Create | Villager (Male) |
| 22:25 | Create | Villager (Male) |
| 22:38 | Create | Conquistador |
| 22:40 | Create | Conquistador |
| 22:46 | Create | Missionary |
| 22:57 | Create | Petard |
| 22:57 | Create | Petard |
| 23:35 | Create | Conquistador |
| 23:36 | Create | Villager (Male) |
| 23:37 | Create | Villager (Male) |
| 23:37 | Create | Villager (Male) |
| 23:37 | Create | Villager (Male) |
| 23:39 | Create | Villager (Male) |
| 23:42 | Build | Farm |
| 23:42 | Build | Farm |
| 23:42 | Build | Farm |
| 24:06 | Create | Missionary |
Build order — 2024eles
First 150 of 493 actions detected
| 0:01 | Create | Villager (Male) |
| 0:02 | Create | Villager (Male) |
| 0:18 | Build | Lumber Camp |
| 0:21 | Create | Villager (Male) |
| 0:22 | Create | Villager (Male) |
| 0:22 | Create | Villager (Male) |
| 0:34 | Build | Mill |
| 1:00 | Create | Villager (Male) |
| 1:00 | Create | Villager (Male) |
| 1:18 | Create | Villager (Male) |
| 1:38 | Create | Villager (Male) |
| 1:38 | Create | Villager (Male) |
| 2:39 | Create | Villager (Male) |
| 2:40 | Create | Villager (Male) |
| 2:40 | Create | Villager (Male) |
| 3:13 | Create | Villager (Male) |
| 3:13 | Create | Villager (Male) |
| 3:13 | Create | Villager (Male) |
| 3:19 | Create | Villager (Male) |
| 3:39 | Create | Villager (Male) |
| 3:39 | Create | Villager (Male) |
| 3:39 | Create | Villager (Male) |
| 3:45 | Create | Villager (Male) |
| 3:45 | Create | Villager (Male) |
| 4:36 | Create | Villager (Male) |
| 4:36 | Create | Villager (Male) |
| 4:36 | Create | Villager (Male) |
| 4:52 | Build | Lumber Camp |
| 5:17 | Research | Feudal Age |
| 5:35 | Build | Mining Camp |
| 7:36 | Age | Feudal Age |
| 7:41 | Build | Market |
| 7:47 | Build | Blacksmith |
| 7:51 | Build | House |
| 7:53 | Create | Villager (Male) |
| 7:54 | Create | Villager (Male) |
| 8:37 | Research | Castle Age |
| 8:38 | Research | Castle Age |
| 8:50 | Research | Double-Bit Axe |
| 8:51 | Research | Double-Bit Axe |
| 8:54 | Research | Horse Collar |
| 8:54 | Research | Horse Collar |
| 9:14 | Build | Farm |
| 9:24 | Build | Farm |
| 9:37 | Build | Farm |
| 10:15 | Build | Farm |
| 10:35 | Create | Villager (Male) |
| 10:37 | Create | Villager (Male) |
| 11:23 | Age | Castle Age |
| 11:24 | Research | Bow Saw |
| 11:25 | Research | Bow Saw |
| 11:32 | Build | Town Center |
| 11:52 | Create | Villager (Male) |
| 12:23 | Build | Town Center |
| 12:38 | Research | Heavy Plow |
| 12:39 | Research | Heavy Plow |
| 12:41 | Create | Villager (Male) |
| 12:54 | Create | Villager (Male) |
| 13:04 | Build | Farm |
| 13:09 | Create | Villager (Male) |
| 13:18 | Create | Villager (Male) |
| 13:25 | Build | Farm |
| 13:26 | Build | Farm |
| 13:33 | Build | Farm |
| 13:38 | Create | Villager (Male) |
| 13:38 | Create | Villager (Male) |
| 13:39 | Create | Villager (Male) |
| 13:39 | Create | Villager (Male) |
| 13:54 | Build | Farm |
| 13:57 | Build | Farm |
| 14:05 | Build | Farm |
| 14:08 | Create | Villager (Male) |
| 14:08 | Create | Villager (Male) |
| 14:09 | Create | Villager (Male) |
| 14:09 | Create | Villager (Male) |
| 14:17 | Build | Farm |
| 14:27 | Create | Villager (Male) |
| 14:27 | Create | Villager (Male) |
| 14:35 | Build | Farm |
| 14:37 | Build | Farm |
| 14:39 | Build | Farm |
| 14:41 | Build | Farm |
| 14:52 | Research | Wheelbarrow |
| 14:52 | Research | Wheelbarrow |
| 15:01 | Create | Villager (Male) |
| 15:02 | Create | Villager (Male) |
| 15:10 | Build | Farm |
| 15:12 | Build | Farm |
| 15:13 | Build | Farm |
| 15:17 | Create | Villager (Male) |
| 15:17 | Create | Villager (Male) |
| 15:18 | Create | Villager (Male) |
| 15:27 | Build | House |
| 15:28 | Build | House |
| 15:33 | Build | House |
| 15:37 | Create | Villager (Male) |
| 15:38 | Create | Villager (Male) |
| 15:38 | Create | Villager (Male) |
| 15:38 | Create | Villager (Male) |
| 15:38 | Create | Villager (Male) |
| 16:14 | Build | Farm |
| 16:15 | Build | Farm |
| 16:16 | Build | Farm |
| 16:21 | Create | Villager (Male) |
| 16:22 | Create | Villager (Male) |
| 16:22 | Create | Villager (Male) |
| 16:22 | Create | Villager (Male) |
| 16:22 | Create | Villager (Male) |
| 16:23 | Create | Villager (Male) |
| 16:23 | Create | Villager (Male) |
| 16:23 | Create | Villager (Male) |
| 16:37 | Create | Villager (Male) |
| 16:37 | Create | Villager (Male) |
| 16:37 | Create | Villager (Male) |
| 16:37 | Create | Villager (Male) |
| 16:48 | Build | Farm |
| 16:50 | Build | Farm |
| 16:51 | Build | Farm |
| 16:53 | Build | Farm |
| 17:10 | Build | House |
| 17:14 | Build | House |
| 17:21 | Research | Hand Cart |
| 17:21 | Research | Hand Cart |
| 17:22 | Create | Villager (Male) |
| 17:22 | Create | Villager (Male) |
| 17:23 | Create | Villager (Male) |
| 17:23 | Create | Villager (Male) |
| 17:23 | Create | Villager (Male) |
| 17:50 | Build | Farm |
| 17:52 | Build | Farm |
| 17:54 | Build | Farm |
| 18:07 | Create | Villager (Male) |
| 18:07 | Create | Villager (Male) |
| 18:08 | Create | Villager (Male) |
| 18:08 | Create | Villager (Male) |
| 18:08 | Create | Villager (Male) |
| 18:08 | Create | Villager (Male) |
| 18:08 | Create | Villager (Male) |
| 18:09 | Create | Villager (Male) |
| 18:09 | Create | Villager (Male) |
| 18:10 | Create | Villager (Male) |
| 18:10 | Create | Villager (Male) |
| 18:10 | Create | Villager (Male) |
| 18:11 | Create | Villager (Male) |
| 18:42 | Create | Villager (Male) |
| 18:42 | Create | Villager (Male) |
| 18:43 | Create | Villager (Male) |
| 18:43 | Create | Villager (Male) |
| 18:43 | Create | Villager (Male) |
| 18:52 | Research | Gold Mining |
Build order — Cunning Linguist
First 150 of 508 actions detected
| 0:01 | Create | Villager (Male) |
| 0:01 | Create | Villager (Male) |
| 0:01 | Create | Villager (Male) |
| 0:06 | Build | Lumber Camp |
| 0:16 | Create | Villager (Male) |
| 0:30 | Build | Mill |
| 1:41 | Create | Villager (Male) |
| 1:41 | Create | Villager (Male) |
| 1:41 | Create | Villager (Male) |
| 1:41 | Create | Villager (Male) |
| 2:13 | Create | Villager (Male) |
| 2:27 | Create | Villager (Male) |
| 2:27 | Create | Villager (Male) |
| 3:00 | Create | Villager (Male) |
| 3:42 | Create | Villager (Male) |
| 3:55 | Build | Farm |
| 3:58 | Build | Farm |
| 4:43 | Create | Villager (Male) |
| 5:06 | Build | Mining Camp |
| 5:13 | Create | Villager (Male) |
| 5:18 | Research | Feudal Age |
| 7:40 | Create | Villager (Male) |
| 7:40 | Create | Villager (Male) |
| 8:01 | Age | Feudal Age |
| 8:05 | Build | Market |
| 8:07 | Build | Blacksmith |
| 8:52 | Research | Castle Age |
| 9:15 | Research | Double-Bit Axe |
| 9:41 | Research | Horse Collar |
| 9:55 | Build | Farm |
| 9:59 | Build | Farm |
| 11:32 | Age | Castle Age |
| 11:39 | Create | Villager (Male) |
| 11:40 | Create | Villager (Male) |
| 11:46 | Build | Town Center |
| 11:54 | Build | Town Center |
| 12:06 | Build | Town Center |
| 12:18 | Create | Villager (Male) |
| 12:21 | Research | Bow Saw |
| 12:25 | Research | Heavy Plow |
| 12:43 | Create | Villager (Male) |
| 13:07 | Create | Villager (Male) |
| 13:15 | Build | Farm |
| 13:20 | Build | Farm |
| 13:26 | Build | Farm |
| 13:31 | Build | Farm |
| 13:33 | Build | Farm |
| 13:34 | Create | Villager (Male) |
| 13:35 | Create | Villager (Male) |
| 13:36 | Create | Villager (Male) |
| 13:38 | Create | Villager (Male) |
| 13:39 | Build | Farm |
| 13:54 | Create | Villager (Male) |
| 13:54 | Create | Villager (Male) |
| 14:15 | Build | Farm |
| 14:18 | Build | Farm |
| 14:19 | Create | Villager (Male) |
| 14:20 | Create | Villager (Male) |
| 14:23 | Build | Farm |
| 14:25 | Build | Farm |
| 14:29 | Create | Villager (Male) |
| 14:29 | Create | Villager (Male) |
| 14:41 | Build | Farm |
| 14:52 | Create | Villager (Male) |
| 14:52 | Create | Villager (Male) |
| 14:56 | Create | Villager (Male) |
| 14:56 | Create | Villager (Male) |
| 14:56 | Create | Villager (Male) |
| 15:00 | Build | Farm |
| 15:06 | Build | Farm |
| 15:07 | Create | Villager (Male) |
| 15:07 | Create | Villager (Male) |
| 15:07 | Create | Villager (Male) |
| 15:13 | Build | Farm |
| 15:23 | Create | Villager (Male) |
| 15:29 | Build | Farm |
| 15:32 | Build | Farm |
| 15:35 | Build | Farm |
| 15:36 | Create | Villager (Male) |
| 15:36 | Create | Villager (Male) |
| 15:37 | Create | Villager (Male) |
| 15:37 | Create | Villager (Male) |
| 15:49 | Create | Villager (Male) |
| 15:57 | Create | Villager (Male) |
| 15:57 | Create | Villager (Male) |
| 16:08 | Create | Villager (Male) |
| 16:08 | Create | Villager (Male) |
| 16:09 | Create | Villager (Male) |
| 16:12 | Create | Villager (Male) |
| 16:12 | Create | Villager (Male) |
| 16:32 | Build | Town Center |
| 16:33 | Research | Loom |
| 16:34 | Create | Villager (Male) |
| 16:34 | Create | Villager (Male) |
| 16:35 | Create | Villager (Male) |
| 16:55 | Create | Villager (Male) |
| 16:55 | Create | Villager (Male) |
| 16:56 | Create | Villager (Male) |
| 17:03 | Build | House |
| 17:18 | Research | Wheelbarrow |
| 17:21 | Build | House |
| 17:22 | Build | House |
| 17:35 | Build | Lumber Camp |
| 17:42 | Build | Lumber Camp |
| 17:45 | Create | Villager (Male) |
| 17:45 | Create | Villager (Male) |
| 17:57 | Build | Lumber Camp |
| 17:59 | Create | Villager (Male) |
| 18:00 | Create | Villager (Male) |
| 18:04 | Build | Farm |
| 18:12 | Build | Farm |
| 18:15 | Create | Villager (Male) |
| 18:16 | Create | Villager (Male) |
| 18:21 | Build | House |
| 18:24 | Build | House |
| 18:25 | Build | House |
| 18:29 | Create | Villager (Male) |
| 18:29 | Create | Villager (Male) |
| 18:30 | Create | Villager (Male) |
| 18:38 | Build | Barracks |
| 18:39 | Create | Villager (Male) |
| 18:39 | Create | Villager (Male) |
| 18:39 | Create | Villager (Male) |
| 18:58 | Create | Villager (Male) |
| 19:18 | Create | Villager (Male) |
| 19:18 | Create | Villager (Male) |
| 19:24 | Build | Farm |
| 19:24 | Build | Farm |
| 19:24 | Build | Farm |
| 19:25 | Build | Farm |
| 19:31 | Build | Farm |
| 19:31 | Build | Farm |
| 19:32 | Build | Farm |
| 19:32 | Build | Farm |
| 19:34 | Create | Villager (Male) |
| 19:35 | Create | Villager (Male) |
| 19:36 | Create | Villager (Male) |
| 19:36 | Create | Villager (Male) |
| 19:36 | Create | Villager (Male) |
| 19:36 | Create | Villager (Male) |
| 19:42 | Build | Stable |
| 20:02 | Build | House |
| 20:03 | Build | House |
| 20:04 | Build | House |
| 20:06 | Research | Hand Cart |
| 20:07 | Research | Town Watch |
| 20:11 | Create | Villager (Male) |
| 20:11 | Create | Villager (Male) |
| 20:15 | Build | Farm |
| 20:32 | Research | Gold Mining |
Build order — Zenar
First 150 of 377 actions detected
| 0:01 | Create | Villager (Male) |
| 0:02 | Create | Villager (Male) |
| 0:02 | Create | Villager (Male) |
| 0:05 | Build | Mill |
| 0:11 | Build | Lumber Camp |
| 0:26 | Create | Villager (Male) |
| 1:06 | Create | Villager (Male) |
| 1:06 | Create | Villager (Male) |
| 2:09 | Create | Villager (Male) |
| 2:09 | Create | Villager (Male) ×3 |
| 2:43 | Create | Villager (Male) |
| 2:43 | Create | Villager (Male) |
| 3:25 | Create | Villager (Male) |
| 3:25 | Create | Villager (Male) |
| 4:01 | Build | Lumber Camp |
| 4:07 | Build | Lumber Camp |
| 4:09 | Create | Villager (Male) |
| 4:30 | Build | Farm |
| 4:40 | Create | Villager (Male) |
| 4:43 | Build | Farm |
| 5:10 | Build | Farm |
| 5:27 | Create | Villager (Male) |
| 5:33 | Build | Farm |
| 5:58 | Build | Farm |
| 6:01 | Research | Feudal Age |
| 6:44 | Build | Mining Camp |
| 7:58 | Create | Villager (Male) |
| 7:59 | Create | Villager (Male) |
| 8:29 | Age | Feudal Age |
| 8:36 | Build | Blacksmith |
| 8:40 | Build | Market |
| 9:16 | Create | Villager (Male) |
| 9:46 | Research | Castle Age |
| 9:58 | Research | Horse Collar |
| 10:16 | Research | Double-Bit Axe |
| 10:41 | Research | Gold Mining |
| 12:10 | Create | Villager (Male) |
| 12:11 | Create | Villager (Male) |
| 12:26 | Age | Castle Age |
| 12:33 | Build | Town Center |
| 12:37 | Research | Bow Saw |
| 12:40 | Create | Villager (Male) |
| 13:06 | Build | Town Center |
| 13:12 | Create | Villager (Male) |
| 13:12 | Create | Villager (Male) |
| 13:24 | Research | Wheelbarrow |
| 13:48 | Build | Farm |
| 14:04 | Create | Villager (Male) |
| 14:04 | Create | Villager (Male) |
| 14:16 | Build | Farm |
| 14:21 | Create | Villager (Male) |
| 14:21 | Create | Villager (Male) |
| 14:42 | Create | Villager (Male) |
| 14:42 | Create | Villager (Male) |
| 14:45 | Research | Wheelbarrow |
| 15:02 | Create | Villager (Male) |
| 15:19 | Create | Villager (Male) |
| 15:28 | Create | Villager (Male) |
| 15:35 | Research | Heavy Plow |
| 15:35 | Research | Heavy Plow |
| 15:38 | Create | Villager (Male) ×5 |
| 15:59 | Create | Keshik |
| 15:59 | Create | Keshik |
| 15:59 | Create | Keshik |
| 16:20 | Create | Villager (Male) |
| 16:21 | Create | Villager (Male) |
| 16:22 | Research | Loom |
| 16:32 | Build | Farm |
| 16:35 | Build | Farm |
| 16:36 | Build | Farm |
| 16:36 | Build | Farm |
| 16:38 | Build | Farm |
| 16:44 | Create | Villager (Male) |
| 16:49 | Create | Keshik ×3 |
| 16:58 | Build | Stable |
| 17:00 | Create | Villager (Male) |
| 17:02 | Create | Villager (Male) |
| 17:04 | Build | Lumber Camp |
| 17:18 | Create | Keshik |
| 17:18 | Create | Keshik |
| 17:18 | Create | Keshik |
| 18:02 | Create | Keshik |
| 18:02 | Create | Villager (Male) |
| 18:03 | Create | Villager (Male) |
| 18:15 | Create | Villager (Male) |
| 18:15 | Create | Villager (Male) |
| 18:25 | Build | Town Center |
| 18:28 | Create | Villager (Male) |
| 18:28 | Create | Villager (Male) |
| 18:30 | Build | Farm |
| 18:31 | Build | Farm |
| 18:34 | Build | Farm |
| 18:49 | Build | House |
| 18:49 | Build | House |
| 18:50 | Build | House |
| 18:51 | Build | House |
| 18:52 | Build | House |
| 18:57 | Create | Villager (Male) |
| 18:57 | Create | Villager (Male) |
| 19:27 | Create | Villager (Male) |
| 19:27 | Create | Villager (Male) |
| 19:33 | Build | Mill |
| 19:34 | Build | Farm |
| 19:35 | Build | Farm |
| 19:36 | Build | Farm |
| 19:38 | Create | Villager (Male) |
| 19:56 | Build | Stone Wall |
| 20:02 | Build | Stone Wall |
| 20:05 | Build | Building 490 |
| 20:11 | Create | Villager (Male) |
| 20:12 | Create | Villager (Male) |
| 20:16 | Build | House |
| 20:16 | Build | House |
| 20:19 | Build | House |
| 20:19 | Build | House |
| 20:20 | Build | House |
| 20:22 | Build | House |
| 20:22 | Build | House |
| 20:23 | Build | House |
| 20:25 | Build | House |
| 20:26 | Build | House |
| 20:30 | Create | Villager (Male) |
| 20:31 | Create | Villager (Male) |
| 20:32 | Create | Villager (Male) |
| 20:33 | Create | Villager (Male) |
| 20:40 | Build | Farm |
| 20:42 | Create | Villager (Male) |
| 20:42 | Create | Villager (Male) |
| 20:43 | Create | Villager (Male) |
| 20:43 | Create | Villager (Male) |
| 20:48 | Create | Villager (Male) |
| 20:48 | Create | Villager (Male) |
| 20:55 | Build | Farm |
| 20:56 | Build | Farm |
| 20:57 | Build | Farm |
| 20:58 | Build | Farm |
| 20:59 | Build | Farm |
| 21:02 | Build | Farm |
| 21:05 | Build | Farm |
| 21:13 | Create | Villager (Male) |
| 21:13 | Create | Villager (Male) |
| 21:51 | Build | Stone Wall |
| 21:58 | Build | Stone Wall |
| 22:03 | Create | Villager (Male) |
| 22:03 | Create | Villager (Male) |
| 22:13 | Create | Villager (Male) |
| 22:14 | Create | Villager (Male) |
| 22:17 | Build | University |
| 22:26 | Build | Farm |
| 22:27 | Build | Farm |
Build order — Por_eso_teHacen_AcA
First 150 of 588 actions detected
| 0:03 | Build | Lumber Camp |
| 0:05 | Build | Mill |
| 0:06 | Create | Villager (Male) |
| 0:06 | Create | Villager (Male) |
| 0:06 | Create | Villager (Male) |
| 0:06 | Create | Villager (Male) |
| 0:07 | Create | Villager (Male) |
| 1:14 | Create | Villager (Male) |
| 1:14 | Create | Villager (Male) |
| 1:29 | Create | Villager (Male) |
| 1:30 | Create | Villager (Male) |
| 1:53 | Create | Villager (Male) |
| 1:53 | Create | Villager (Male) |
| 1:53 | Create | Villager (Male) |
| 2:12 | Create | Villager (Male) |
| 2:12 | Create | Villager (Male) |
| 2:40 | Create | Villager (Male) |
| 2:41 | Create | Villager (Male) |
| 2:41 | Create | Villager (Male) |
| 3:04 | Create | Villager (Male) |
| 3:04 | Create | Villager (Male) |
| 3:04 | Create | Villager (Male) |
| 3:21 | Create | Villager (Male) |
| 3:21 | Create | Villager (Male) |
| 3:28 | Create | Villager (Male) |
| 3:28 | Create | Villager (Male) |
| 3:48 | Create | Villager (Male) |
| 3:48 | Create | Villager (Male) |
| 3:51 | Create | Villager (Male) |
| 3:52 | Create | Villager (Male) |
| 3:55 | Build | Farm |
| 3:58 | Build | Farm |
| 4:10 | Build | Mining Camp |
| 4:14 | Build | Mining Camp |
| 4:18 | Build | Mining Camp |
| 4:29 | Build | Farm |
| 4:35 | Build | Farm |
| 4:43 | Build | Farm |
| 5:08 | Research | Feudal Age |
| 5:08 | Research | Feudal Age |
| 7:02 | Create | Villager (Male) |
| 7:02 | Create | Villager (Male) |
| 7:18 | Age | Feudal Age |
| 7:22 | Build | Market |
| 7:28 | Build | Market |
| 7:43 | Build | Blacksmith |
| 8:06 | Create | Villager (Male) |
| 8:45 | Build | Farm |
| 8:48 | Research | Loom |
| 8:53 | Research | Castle Age |
| 8:53 | Research | Castle Age |
| 9:46 | Research | Double-Bit Axe |
| 9:46 | Research | Double-Bit Axe |
| 9:48 | Research | Horse Collar |
| 9:48 | Research | Horse Collar |
| 10:13 | Build | Lumber Camp |
| 10:38 | Create | Villager (Male) |
| 10:38 | Create | Villager (Male) |
| 11:53 | Age | Castle Age |
| 12:16 | Build | Town Center |
| 12:21 | Create | Villager (Male) |
| 12:24 | Research | Wheelbarrow |
| 12:26 | Research | Bow Saw |
| 13:17 | Create | Villager (Male) |
| 13:17 | Create | Villager (Male) |
| 13:23 | Create | Villager (Male) |
| 13:26 | Research | Heavy Plow |
| 13:44 | Build | Farm |
| 14:09 | Create | Villager (Male) |
| 14:10 | Create | Villager (Male) |
| 14:10 | Create | Villager (Male) |
| 14:11 | Create | Villager (Male) |
| 14:13 | Build | Monastery |
| 14:22 | Build | Farm |
| 14:29 | Build | Farm |
| 14:31 | Create | Villager (Male) |
| 14:36 | Build | Farm |
| 14:42 | Build | Farm |
| 14:49 | Create | Villager (Male) |
| 14:55 | Create | Monk |
| 15:07 | Create | Villager (Male) |
| 15:09 | Create | Villager (Male) |
| 15:22 | Build | Town Center |
| 15:35 | Build | Farm |
| 15:38 | Build | Farm |
| 15:40 | Create | Villager (Male) |
| 15:43 | Create | Villager (Male) |
| 15:43 | Create | Villager (Male) |
| 15:50 | Build | Farm |
| 16:19 | Create | Villager (Male) |
| 16:20 | Create | Villager (Male) |
| 16:21 | Create | Villager (Male) |
| 16:22 | Create | Villager (Male) |
| 16:38 | Create | Villager (Male) |
| 16:39 | Create | Villager (Male) |
| 16:39 | Create | Villager (Male) |
| 16:45 | Build | Farm |
| 16:45 | Build | Farm |
| 16:45 | Build | Farm |
| 16:45 | Build | Farm |
| 16:46 | Build | Farm |
| 16:52 | Build | Farm |
| 16:55 | Build | Farm |
| 17:00 | Build | Farm |
| 17:02 | Create | Villager (Male) |
| 17:04 | Create | Villager (Male) |
| 17:04 | Create | Villager (Male) |
| 17:06 | Create | Villager (Male) |
| 17:06 | Create | Villager (Male) |
| 17:28 | Build | Farm |
| 17:29 | Build | Farm |
| 17:30 | Build | Farm |
| 17:31 | Build | Farm |
| 17:34 | Create | Villager (Male) |
| 17:35 | Create | Villager (Male) |
| 17:36 | Create | Villager (Male) |
| 17:36 | Create | Villager (Male) |
| 17:44 | Create | Villager (Male) |
| 17:45 | Create | Villager (Male) |
| 17:47 | Create | Villager (Male) |
| 17:47 | Create | Villager (Male) |
| 17:48 | Create | Villager (Male) |
| 17:54 | Build | Farm |
| 17:55 | Build | Farm |
| 18:02 | Create | Monk |
| 18:15 | Create | Villager (Male) |
| 18:16 | Create | Villager (Male) |
| 18:16 | Create | Villager (Male) |
| 18:19 | Create | Villager (Male) |
| 18:20 | Create | Villager (Male) |
| 18:30 | Build | Farm |
| 18:31 | Build | Farm |
| 18:34 | Build | Farm |
| 18:34 | Build | Farm |
| 18:38 | Build | Farm |
| 18:39 | Create | Villager (Male) |
| 18:39 | Create | Villager (Male) |
| 18:43 | Create | Villager (Male) |
| 18:46 | Build | House |
| 18:46 | Build | House |
| 18:47 | Build | House |
| 18:47 | Build | House |
| 19:10 | Create | Monk |
| 19:15 | Research | Hand Cart |
| 19:15 | Research | Town Watch |
| 19:16 | Research | Town Watch |
| 19:32 | Create | Villager (Male) |
| 19:34 | Create | Villager (Male) |
| 19:34 | Create | Villager (Male) |
| 19:51 | Create | Villager (Male) |
Build order — Tenziki
First 150 of 561 actions detected
| 0:06 | Create | Villager (Male) |
| 0:07 | Create | Villager (Male) |
| 0:09 | Create | Villager (Male) |
| 0:17 | Build | Lumber Camp |
| 0:19 | Create | Villager (Male) |
| 0:57 | Create | Villager (Male) |
| 1:06 | Create | Villager (Male) |
| 1:18 | Create | Villager (Male) |
| 1:29 | Create | Villager (Male) |
| 1:43 | Create | Villager (Male) |
| 1:53 | Build | Mill |
| 2:18 | Create | Villager (Male) |
| 2:25 | Create | Villager (Male) |
| 2:37 | Create | Villager (Male) |
| 3:08 | Build | Farm |
| 3:10 | Create | Villager (Male) |
| 3:11 | Create | Villager (Male) |
| 3:11 | Create | Villager (Male) |
| 3:11 | Create | Villager (Male) |
| 3:27 | Create | Villager (Male) |
| 3:34 | Create | Villager (Male) |
| 3:50 | Create | Villager (Male) |
| 3:53 | Build | Farm |
| 4:14 | Build | Mining Camp |
| 4:17 | Create | Villager (Male) |
| 4:34 | Create | Villager (Male) |
| 4:35 | Research | Feudal Age |
| 4:55 | Build | Farm |
| 6:25 | Create | Villager (Male) |
| 6:25 | Create | Villager (Male) |
| 6:35 | Create | Villager (Male) |
| 7:17 | Age | Feudal Age |
| 7:22 | Build | Market |
| 7:30 | Build | Blacksmith |
| 8:00 | Build | Lumber Camp |
| 8:08 | Research | Castle Age |
| 8:20 | Research | Double-Bit Axe |
| 8:57 | Research | Horse Collar |
| 10:04 | Create | Villager (Male) |
| 10:05 | Create | Villager (Male) |
| 10:48 | Age | Castle Age |
| 10:51 | Build | Town Center |
| 10:56 | Create | Villager (Male) |
| 11:04 | Build | Town Center |
| 11:11 | Build | Farm |
| 11:17 | Build | Farm |
| 11:18 | Create | Villager (Male) |
| 11:34 | Create | Villager (Male) |
| 11:47 | Research | Bow Saw |
| 11:48 | Research | Bow Saw |
| 12:19 | Create | Villager (Male) |
| 12:25 | Create | Villager (Male) |
| 12:26 | Create | Villager (Male) |
| 12:26 | Create | Villager (Male) |
| 12:30 | Build | Farm |
| 12:35 | Create | Villager (Male) |
| 12:36 | Create | Villager (Male) |
| 12:36 | Create | Villager (Male) |
| 12:36 | Create | Villager (Male) |
| 12:36 | Create | Villager (Male) |
| 12:39 | Build | Farm |
| 12:41 | Build | Farm |
| 12:47 | Build | Farm |
| 12:50 | Create | Villager (Male) |
| 13:03 | Build | Farm |
| 13:03 | Build | Farm |
| 13:05 | Build | Farm |
| 13:06 | Build | Farm |
| 13:24 | Research | Heavy Plow |
| 13:32 | Build | Farm |
| 13:33 | Build | Farm |
| 13:39 | Build | Farm |
| 13:40 | Create | Villager (Male) |
| 13:42 | Create | Villager (Male) |
| 13:55 | Build | Farm |
| 14:00 | Create | Villager (Male) |
| 14:03 | Build | Farm |
| 14:05 | Create | Villager (Male) |
| 14:11 | Build | Farm |
| 14:18 | Build | Farm |
| 14:30 | Build | House |
| 14:31 | Create | Villager (Male) |
| 14:32 | Create | Villager (Male) |
| 14:36 | Create | Villager (Male) |
| 14:39 | Build | Farm |
| 14:50 | Build | Farm |
| 14:57 | Create | Villager (Male) |
| 14:57 | Create | Villager (Male) |
| 15:06 | Create | Villager (Male) |
| 15:07 | Create | Villager (Male) |
| 15:15 | Build | House |
| 15:16 | Build | House |
| 15:20 | Build | Farm |
| 15:26 | Create | Villager (Male) |
| 15:28 | Build | Farm |
| 15:33 | Build | Farm |
| 15:34 | Create | Villager (Male) |
| 15:34 | Create | Villager (Male) |
| 15:35 | Create | Villager (Male) |
| 15:38 | Create | Villager (Male) |
| 15:57 | Build | Farm |
| 16:02 | Build | Farm |
| 16:02 | Create | Villager (Male) |
| 16:05 | Create | Villager (Male) |
| 16:05 | Create | Villager (Male) |
| 16:05 | Create | Villager (Male) |
| 16:26 | Build | Town Center |
| 16:28 | Create | Villager (Male) |
| 16:34 | Build | Farm |
| 16:36 | Research | Wheelbarrow |
| 16:41 | Build | House |
| 16:52 | Create | Villager (Male) |
| 16:53 | Create | Villager (Male) |
| 16:53 | Create | Villager (Male) |
| 16:57 | Build | Farm |
| 17:04 | Create | Villager (Male) |
| 17:12 | Create | Villager (Male) |
| 17:13 | Create | Villager (Male) |
| 17:13 | Create | Villager (Male) |
| 17:26 | Create | Villager (Male) |
| 17:44 | Build | Town Center |
| 17:48 | Create | Villager (Male) |
| 17:50 | Create | Villager (Male) |
| 17:51 | Create | Villager (Male) |
| 17:51 | Create | Villager (Male) |
| 17:51 | Create | Villager (Male) |
| 18:02 | Build | Mill |
| 18:02 | Build | Farm |
| 18:02 | Build | Farm |
| 18:03 | Build | Farm |
| 18:03 | Build | Farm |
| 18:03 | Build | Farm |
| 18:04 | Build | Farm |
| 18:06 | Create | Villager (Male) |
| 18:15 | Research | Hand Cart |
| 18:15 | Research | Hand Cart |
| 18:16 | Create | Villager (Male) |
| 18:20 | Build | House |
| 18:21 | Build | House |
| 18:22 | Build | House |
| 18:23 | Build | House |
| 18:24 | Create | Villager (Male) |
| 18:24 | Create | Villager (Male) |
| 18:50 | Create | Villager (Male) |
| 18:51 | Create | Villager (Male) |
| 18:51 | Create | Villager (Male) |
| 18:51 | Create | Villager (Male) |
| 18:54 | Create | Villager (Male) |
| 18:59 | Build | Farm |
| 19:01 | Create | Villager (Male) |
Build order — Mariner
First 150 of 408 actions detected
| 0:03 | Create | Villager (Male) |
| 0:03 | Create | Villager (Male) |
| 0:08 | Build | Lumber Camp |
| 0:12 | Create | Villager (Male) |
| 0:25 | Create | Villager (Male) |
| 0:33 | Build | Mill |
| 0:49 | Create | Villager (Male) |
| 0:49 | Create | Villager (Male) |
| 2:02 | Create | Villager (Male) |
| 2:26 | Create | Villager (Male) |
| 2:35 | Create | Villager (Male) |
| 2:56 | Create | Villager (Male) |
| 3:01 | Create | Villager (Male) |
| 3:32 | Create | Villager (Male) |
| 4:32 | Research | Feudal Age |
| 4:50 | Build | Mining Camp |
| 5:28 | Create | Villager (Male) |
| 5:28 | Create | Villager (Male) |
| 6:48 | Age | Feudal Age |
| 6:51 | Build | Market |
| 6:56 | Build | Blacksmith |
| 7:42 | Research | Castle Age |
| 7:42 | Research | Castle Age |
| 7:43 | Research | Castle Age |
| 8:03 | Research | Double-Bit Axe |
| 8:03 | Research | Double-Bit Axe |
| 8:03 | Research | Double-Bit Axe |
| 8:29 | Research | Horse Collar |
| 8:32 | Build | Farm |
| 9:23 | Research | Loom |
| 10:22 | Age | Castle Age |
| 10:25 | Create | Villager (Male) |
| 10:31 | Build | Town Center |
| 10:37 | Create | Villager (Male) |
| 11:00 | Build | Town Center |
| 11:03 | Create | Villager (Male) |
| 11:15 | Create | Villager (Male) |
| 11:29 | Create | Villager (Male) |
| 11:37 | Research | Wheelbarrow |
| 11:41 | Build | Farm |
| 11:56 | Build | Farm |
| 11:56 | Build | Farm |
| 12:00 | Create | Villager (Male) |
| 12:01 | Create | Villager (Male) |
| 12:08 | Create | Villager (Male) |
| 12:09 | Create | Villager (Male) |
| 12:16 | Create | Villager (Male) |
| 12:22 | Build | Farm |
| 12:24 | Create | Villager (Male) |
| 12:25 | Create | Villager (Male) |
| 12:33 | Build | Farm |
| 12:44 | Create | Villager (Male) |
| 12:45 | Create | Villager (Male) |
| 12:49 | Build | Farm |
| 12:53 | Build | Farm |
| 13:08 | Create | Villager (Male) |
| 13:13 | Build | Farm |
| 13:19 | Create | Villager (Male) |
| 13:25 | Build | Farm |
| 13:29 | Build | Farm |
| 13:31 | Build | Farm |
| 13:34 | Build | Farm |
| 13:40 | Create | Villager (Male) |
| 13:40 | Create | Villager (Male) |
| 13:51 | Build | Farm |
| 13:57 | Create | Villager (Male) |
| 14:10 | Create | Villager (Male) |
| 14:15 | Create | Villager (Male) |
| 14:16 | Create | Villager (Male) |
| 14:29 | Build | Farm |
| 14:31 | Create | Villager (Male) |
| 14:35 | Create | Villager (Male) |
| 14:50 | Create | Mameluke |
| 14:56 | Build | Farm |
| 14:59 | Build | Farm |
| 15:07 | Create | Villager (Male) |
| 15:11 | Build | Farm |
| 15:18 | Create | Villager (Male) |
| 15:19 | Research | Gold Mining |
| 15:25 | Build | Barracks |
| 15:32 | Build | Barracks |
| 15:35 | Create | Villager (Male) |
| 15:36 | Create | Villager (Male) |
| 15:41 | Create | Mameluke |
| 15:42 | Create | Mameluke |
| 15:54 | Build | Market |
| 16:05 | Create | Villager (Male) |
| 16:10 | Create | Mameluke |
| 16:25 | Create | Villager (Male) |
| 16:44 | Create | Villager (Male) |
| 16:56 | Create | Villager (Male) |
| 17:14 | Create | Villager (Male) |
| 17:22 | Build | House |
| 17:23 | Build | House |
| 17:25 | Build | House |
| 17:53 | Create | Villager (Male) |
| 17:57 | Build | House |
| 18:00 | Build | House |
| 18:18 | Create | Villager (Male) |
| 18:22 | Research | Town Watch |
| 18:27 | Build | House |
| 18:35 | Create | Villager (Male) |
| 18:39 | Create | Villager (Male) |
| 18:39 | Create | Villager (Male) |
| 18:47 | Create | Villager (Male) |
| 18:51 | Build | Lumber Camp |
| 18:55 | Build | Siege Workshop |
| 18:56 | Create | Villager (Male) |
| 19:00 | Create | Villager (Male) |
| 19:02 | Create | Villager (Male) |
| 19:03 | Create | Villager (Male) |
| 19:06 | Build | Lumber Camp |
| 19:26 | Build | Farm |
| 19:29 | Research | Bow Saw |
| 19:30 | Create | Villager (Male) |
| 19:35 | Create | Villager (Male) |
| 19:38 | Research | Stone Mining |
| 19:44 | Create | Villager (Male) |
| 19:49 | Create | Villager (Male) |
| 19:52 | Create | Villager (Male) |
| 20:06 | Create | Villager (Male) |
| 20:22 | Build | Stable |
| 20:26 | Create | Villager (Male) |
| 20:26 | Create | Villager (Male) |
| 20:29 | Create | Villager (Male) |
| 20:36 | Build | Farm |
| 20:41 | Build | Farm |
| 20:44 | Build | Farm |
| 20:48 | Create | Villager (Male) |
| 20:49 | Create | Villager (Male) |
| 21:03 | Create | Villager (Male) |
| 21:24 | Build | Castle |
| 21:26 | Create | Villager (Male) |
| 21:28 | Create | Villager (Male) |
| 21:42 | Create | Villager (Male) |
| 21:51 | Build | Town Center |
| 21:53 | Create | Villager (Male) |
| 21:54 | Create | Villager (Male) |
| 22:00 | Build | House |
| 22:01 | Build | House |
| 22:02 | Build | House |
| 22:03 | Build | House |
| 22:04 | Create | Villager (Male) |
| 22:08 | Research | Bloodlines |
| 22:10 | Create | Camel Scout |
| 22:10 | Create | Camel Scout |
| 22:14 | Create | Villager (Male) |
| 22:18 | Build | Farm |
| 22:24 | Research | Heavy Plow |
| 22:31 | Create | Villager (Male) |
Build order — Monsoon Neutralizer
First 150 of 496 actions detected
| 0:01 | Create | Villager (Male) |
| 0:01 | Create | Villager (Male) |
| 0:02 | Create | Villager (Male) |
| 0:02 | Create | Villager (Male) |
| 0:02 | Create | Villager (Male) |
| 0:05 | Build | Mill |
| 0:28 | Build | Lumber Camp |
| 1:08 | Create | Villager (Male) |
| 1:09 | Create | Villager (Male) |
| 1:16 | Create | Villager (Male) |
| 1:17 | Create | Villager (Male) |
| 1:55 | Create | Villager (Male) |
| 1:56 | Create | Villager (Male) |
| 2:16 | Create | Villager (Male) |
| 2:16 | Create | Villager (Male) |
| 2:24 | Build | Farm |
| 2:32 | Create | Villager (Male) |
| 2:32 | Create | Villager (Male) |
| 2:46 | Create | Villager (Male) |
| 2:47 | Create | Villager (Male) |
| 3:04 | Create | Villager (Male) |
| 3:04 | Create | Villager (Male) |
| 3:15 | Create | Villager (Male) |
| 4:14 | Create | Villager (Male) |
| 4:14 | Create | Villager (Male) |
| 4:46 | Create | Villager (Male) |
| 4:47 | Create | Villager (Male) |
| 4:50 | Create | Villager (Male) |
| 4:50 | Create | Villager (Male) |
| 5:02 | Create | Villager (Male) |
| 5:02 | Create | Villager (Male) |
| 5:30 | Research | Feudal Age |
| 6:04 | Create | Villager (Male) |
| 6:07 | Build | Mining Camp |
| 6:10 | Create | Villager (Male) |
| 6:20 | Create | Villager (Male) |
| 7:10 | Build | House |
| 7:40 | Age | Feudal Age |
| 7:40 | Create | Villager (Male) |
| 7:41 | Research | Double-Bit Axe |
| 7:42 | Research | Horse Collar |
| 7:43 | Create | Villager (Male) |
| 7:57 | Build | Blacksmith |
| 8:05 | Build | Lumber Camp |
| 8:18 | Create | Villager (Male) |
| 8:20 | Research | Gold Mining |
| 8:31 | Build | Farm |
| 8:59 | Build | Siege Workshop |
| 9:04 | Create | Villager (Male) |
| 9:31 | Build | Farm |
| 9:43 | Build | House |
| 9:44 | Create | Battering Ram |
| 9:57 | Build | Farm |
| 10:00 | Create | Villager (Male) |
| 10:17 | Create | Villager (Male) |
| 10:48 | Build | Town Center |
| 10:53 | Create | Battering Ram |
| 10:53 | Create | Battering Ram |
| 10:56 | Create | Villager (Male) |
| 10:56 | Create | Villager (Male) |
| 11:05 | Create | Villager (Male) |
| 11:52 | Create | Battering Ram |
| 12:19 | Build | House |
| 12:20 | Create | Battering Ram |
| 12:39 | Create | Villager (Male) |
| 12:39 | Create | Villager (Male) |
| 12:43 | Build | Farm |
| 12:45 | Build | Farm |
| 12:46 | Create | Villager (Male) |
| 12:54 | Build | Farm |
| 12:56 | Create | Villager (Male) |
| 13:01 | Build | House |
| 13:01 | Build | House |
| 13:04 | Create | Battering Ram |
| 13:36 | Create | Villager (Male) |
| 13:36 | Create | Villager (Male) |
| 13:38 | Build | Farm |
| 13:44 | Create | Battering Ram |
| 13:47 | Create | Villager (Male) |
| 13:49 | Create | Villager (Male) |
| 13:51 | Build | Farm |
| 14:00 | Create | Villager (Male) |
| 14:04 | Research | Wheelbarrow |
| 14:04 | Research | Wheelbarrow |
| 14:09 | Build | Farm |
| 14:33 | Create | Battering Ram |
| 14:36 | Create | Villager (Male) |
| 14:36 | Create | Villager (Male) |
| 14:43 | Build | Farm |
| 14:45 | Build | Farm |
| 14:55 | Create | Villager (Male) |
| 14:55 | Create | Villager (Male) |
| 15:17 | Create | Villager (Male) |
| 15:17 | Create | Villager (Male) |
| 15:21 | Build | House |
| 15:21 | Build | House |
| 15:27 | Build | Farm |
| 15:29 | Create | Villager (Male) |
| 15:31 | Build | Farm |
| 15:33 | Create | Battering Ram |
| 16:12 | Create | Villager (Male) |
| 16:39 | Build | Farm |
| 16:40 | Build | Farm |
| 16:44 | Create | Villager (Male) |
| 16:45 | Create | Villager (Male) |
| 16:50 | Build | Mill |
| 16:52 | Build | Farm |
| 16:52 | Build | Farm |
| 16:52 | Build | Farm |
| 16:53 | Build | Farm |
| 16:53 | Build | Farm |
| 16:53 | Build | Farm |
| 16:53 | Build | Farm |
| 17:29 | Create | Villager (Male) |
| 17:30 | Create | Villager (Male) |
| 17:57 | Build | Lumber Camp |
| 18:01 | Build | Mining Camp |
| 18:05 | Research | Castle Age |
| 18:07 | Create | Villager (Male) |
| 18:07 | Create | Villager (Male) |
| 18:26 | Build | Barracks |
| 18:33 | Build | Stable |
| 18:34 | Build | Stable |
| 18:46 | Build | Farm |
| 18:49 | Build | Farm |
| 18:50 | Create | Villager (Male) |
| 18:50 | Create | Villager (Male) |
| 18:53 | Build | Farm |
| 19:27 | Create | Villager (Male) |
| 19:27 | Create | Villager (Male) |
| 19:28 | Create | Villager (Male) |
| 19:47 | Create | Villager (Male) |
| 20:14 | Create | Villager (Male) |
| 20:14 | Create | Villager (Male) |
| 20:18 | Create | Villager (Male) |
| 20:22 | Build | Stable |
| 20:25 | Build | Stable |
| 20:26 | Research | Bloodlines |
| 20:42 | Create | Villager (Male) |
| 20:42 | Create | Villager (Male) |
| 20:42 | Create | Villager (Male) |
| 20:45 | Age | Castle Age |
| 20:59 | Research | Capped Ram (upgrade) |
| 20:59 | Research | Capped Ram (upgrade) |
| 21:08 | Create | Villager (Male) |
| 21:11 | Research | Loom |
| 21:11 | Research | Loom |
| 21:13 | Build | Farm |
| 21:24 | Create | Steppe Lancer ×5 |
| 21:24 | Create | Steppe Lancer ×5 |
Match timeline
| 6:48 | Mariner · age_up feudal |
| 7:17 | Tenziki · age_up feudal |
| 7:18 | Por_eso_teHacen_AcA · age_up feudal |
| 7:36 | 2024eles · age_up feudal |
| 7:39 | Mariner · first_market_buy 100 food |
| 7:40 | Monsoon Neutralizer · age_up feudal |
| 7:40 | Mariner · first_market_sell 100 wood |
| 8:01 | Cunning Linguist · age_up feudal |
| 8:28 | Mceffe · age_up feudal |
| 8:29 | Zenar · age_up feudal |
| 8:59 | Monsoon Neutralizer · first_building Siege Workshop |
| 10:22 | Mariner · age_up castle |
| 10:48 | Tenziki · age_up castle |
| 11:23 | 2024eles · age_up castle |
| 11:32 | Cunning Linguist · age_up castle |
| 11:53 | Por_eso_teHacen_AcA · age_up castle |
| 12:01 | Cunning Linguist · first_market_buy 100 stone |
| 12:10 | Mceffe · first_building Stable |
| 12:23 | Mceffe · age_up castle |
| 12:26 | Zenar · age_up castle |
| 12:34 | Tenziki · first_market_buy 100 wood |
| 13:13 | Mceffe · first_market_buy 100 wood |
| 14:13 | Por_eso_teHacen_AcA · first_building Monastery |
| 15:25 | Mariner · first_building Barracks |
| 16:58 | Zenar · first_building Stable |
| 17:36 | Tenziki · first_market_sell 100 wood |
| 18:26 | Monsoon Neutralizer · first_building Barracks |
| 18:33 | Monsoon Neutralizer · first_building Stable |
| 18:38 | Cunning Linguist · first_building Barracks |
| 18:55 | Mariner · first_building Siege Workshop |
| 19:14 | Tenziki · first_building Barracks |
| 19:42 | Cunning Linguist · first_building Stable |
| 19:56 | Zenar · wall_segment Stone Wall x18 |
| 20:02 | Zenar · wall_segment Stone Wall x8 |
| 20:09 | Mceffe · first_building Monastery |
| 20:22 | Mariner · first_building Stable |
| 20:28 | Tenziki · first_building Monastery |
| 20:28 | 2024eles · first_market_sell 100 food |
| 20:31 | Por_eso_teHacen_AcA · first_market_sell 100 food |
| 20:32 | Por_eso_teHacen_AcA · first_market_buy 100 stone |
| 20:45 | Monsoon Neutralizer · age_up castle |
| 21:15 | Tenziki · first_building Archery Range |
| 21:24 | Mariner · first_building Castle |
| 21:32 | 2024eles · first_building Barracks |
| 21:51 | Zenar · wall_segment Stone Wall x19 |
| 21:58 | Zenar · wall_segment Stone Wall x19 |
| 22:44 | Mceffe · first_market_sell 100 food |
| 22:50 | 2024eles · first_building Siege Workshop |
| 23:01 | Tenziki · first_building Stable |
| 23:11 | Zenar · wall_segment Stone Wall x1 |
| 23:22 | Cunning Linguist · wall_segment Stone Wall x6 |
| 23:50 | 2024eles · age_up imperial |
| 23:58 | Por_eso_teHacen_AcA · first_building Barracks |
| 24:04 | Cunning Linguist · wall_segment Stone Wall x1 |
| 24:05 | Cunning Linguist · wall_segment Stone Wall x1 |
| 24:25 | Por_eso_teHacen_AcA · first_building Archery Range |
| 24:30 | Cunning Linguist · first_building Siege Workshop |
| 25:01 | 2024eles · first_building Castle |
| 25:01 | Zenar · wall_segment Stone Wall x3 |
| 25:46 | Cunning Linguist · wall_segment Stone Wall x4 |
| 26:24 | Tenziki · age_up imperial |
| 26:30 | Zenar · age_up imperial |
| 27:06 | Por_eso_teHacen_AcA · first_building Stable |
| 27:08 | Tenziki · wall_segment Stone Wall x17 |
| 27:09 | Cunning Linguist · age_up imperial |
| 27:13 | Tenziki · wall_segment Stone Wall x9 |
| 27:28 | Por_eso_teHacen_AcA · age_up imperial |
| 29:31 | Zenar · wall_segment Stone Wall x1 |
| 30:01 | Cunning Linguist · first_building Castle |
| 30:55 | Cunning Linguist · wall_segment Stone Wall x1 |
| 31:06 | Tenziki · tribute_sent a jugador 1 |
| 31:06 | Tenziki · tribute_sent a jugador 2 |
| 31:06 | Tenziki · tribute_sent a jugador 3 |
| 31:06 | Tenziki · tribute_sent a jugador 4 |
| 31:06 | Tenziki · tribute_sent a jugador 5 |
| 31:06 | Tenziki · tribute_sent a jugador 7 |
| 31:06 | Tenziki · tribute_sent a jugador 8 |
| 31:33 | Mceffe · age_up imperial |
| 31:34 | Zenar · wall_segment Stone Wall x4 |
| 31:53 | Tenziki · wall_segment Stone Wall x8 |
| 32:19 | Por_eso_teHacen_AcA · first_building Castle |
| 32:35 | Tenziki · first_building Castle |
| 32:52 | Zenar · first_market_sell 100 food |
| 33:39 | Mceffe · first_building Castle |
| 35:04 | Zenar · first_building Monastery |
| 35:15 | Tenziki · wall_segment Palisade Wall x1 |
| 35:17 | Tenziki · first_building Siege Workshop |
| 35:19 | Zenar · tribute_sent a jugador 1 |
| 35:19 | Zenar · tribute_sent a jugador 2 |
| 35:19 | Zenar · tribute_sent a jugador 4 |
| 35:19 | Zenar · tribute_sent a jugador 5 |
| 35:19 | Zenar · tribute_sent a jugador 6 |
| 35:19 | Zenar · tribute_sent a jugador 7 |
| 35:19 | Zenar · tribute_sent a jugador 8 |
| 36:19 | Tenziki · tribute_sent a jugador 1 |
| 36:19 | Tenziki · tribute_sent a jugador 2 |
| 36:19 | Tenziki · tribute_sent a jugador 3 |
| 36:19 | Tenziki · tribute_sent a jugador 4 |
| 36:19 | Tenziki · tribute_sent a jugador 5 |
| 36:19 | Tenziki · tribute_sent a jugador 7 |
| 36:19 | Tenziki · tribute_sent a jugador 8 |
| 36:45 | Monsoon Neutralizer · first_building Castle |
| 37:09 | Zenar · first_market_buy 100 wood |
| 37:24 | Mceffe · wall_segment Stone Wall x12 |
| 37:29 | Zenar · wall_segment Stone Wall x1 |
| 37:34 | Tenziki · wall_segment Stone Wall x5 |
| 37:37 | Mceffe · first_building Barracks |
| 37:37 | Mariner · age_up imperial |
| 38:40 | Monsoon Neutralizer · age_up imperial |
| 39:07 | Cunning Linguist · tribute_sent a jugador 1 |
| 39:07 | Cunning Linguist · tribute_sent a jugador 3 |
| 39:07 | Cunning Linguist · tribute_sent a jugador 4 |
| 39:07 | Cunning Linguist · tribute_sent a jugador 5 |
| 39:07 | Cunning Linguist · tribute_sent a jugador 6 |
| 39:07 | Cunning Linguist · tribute_sent a jugador 7 |
| 39:07 | Cunning Linguist · tribute_sent a jugador 8 |
| 39:10 | Tenziki · tribute_sent a jugador 1 |
| 39:10 | Tenziki · tribute_sent a jugador 2 |
| 39:10 | Tenziki · tribute_sent a jugador 3 |
| 39:10 | Tenziki · tribute_sent a jugador 4 |
| 39:10 | Tenziki · tribute_sent a jugador 5 |
| 39:10 | Tenziki · tribute_sent a jugador 7 |
| 39:10 | Tenziki · tribute_sent a jugador 8 |
| 40:07 | Tenziki · tribute_sent a jugador 1 |
| 40:07 | Tenziki · tribute_sent a jugador 2 |
| 40:07 | Tenziki · tribute_sent a jugador 3 |
| 40:07 | Tenziki · tribute_sent a jugador 4 |
| 40:07 | Tenziki · tribute_sent a jugador 5 |
| 40:07 | Tenziki · tribute_sent a jugador 7 |
| 40:07 | Tenziki · tribute_sent a jugador 8 |
| 40:31 | Zenar · tribute_sent a jugador 1 |
| 40:31 | Zenar · tribute_sent a jugador 2 |
| 40:31 | Zenar · tribute_sent a jugador 4 |
| 40:31 | Zenar · tribute_sent a jugador 5 |
| 40:31 | Zenar · tribute_sent a jugador 6 |
| 40:31 | Zenar · tribute_sent a jugador 7 |
| 40:31 | Zenar · tribute_sent a jugador 8 |
| 40:53 | Tenziki · wall_segment Stone Wall x6 |
| 41:15 | Zenar · first_building Castle |
| 41:23 | Cunning Linguist · first_market_sell 500 food |
| 43:02 | Tenziki · tribute_sent a jugador 1 |
| 43:02 | Tenziki · tribute_sent a jugador 2 |
| 43:02 | Tenziki · tribute_sent a jugador 3 |
| 43:02 | Tenziki · tribute_sent a jugador 4 |
| 43:02 | Tenziki · tribute_sent a jugador 5 |
| 43:02 | Tenziki · tribute_sent a jugador 7 |
| 43:02 | Tenziki · tribute_sent a jugador 8 |
| 43:02 | Cunning Linguist · tribute_sent a jugador 1 |
| 43:02 | Cunning Linguist · tribute_sent a jugador 3 |
| 43:02 | Cunning Linguist · tribute_sent a jugador 4 |
| 43:02 | Cunning Linguist · tribute_sent a jugador 5 |
| 43:02 | Cunning Linguist · tribute_sent a jugador 6 |
| 43:03 | Cunning Linguist · tribute_sent a jugador 7 |
| 43:03 | Cunning Linguist · tribute_sent a jugador 8 |
| 44:15 | 2024eles · wall_segment Stone Wall x14 |
| 45:42 | Mceffe · first_building Archery Range |
| 46:42 | Tenziki · wall_segment Stone Wall x6 |
| 47:52 | Mceffe · resign |
[ AI ANALYSIS · 1 CREDIT ]
What really happened in this match?
Wolo.gg analyzes every decision: build order, eco, micro, common mistakes by bracket. Personalized analysis on WhatsApp or Discord in 30 seconds.
Civ guide
Spanish
Map guide
Fortress
Perfil
What's bro yappin about?